 Dungeon Crawl Stone Soup version 0.30.0-17-ge0270778cf (webtiles) character file.

Game seed: 18008158776611709675

56 Cheops the Sneak (level 3, 0/27 HPs)
             Began as an Armataur Enchanter on May 22, 2023.
             Slain by Crazy Yiuf
             ... wielding a +4 quarterstaff of chaos
              (15 damage)
             ... on level 2 of the Dungeon.
             The game lasted 00:03:58 (1778 turns).

Cheops the Sneak (Armataur Enchanter)               Turns: 1778, Time: 00:03:58

Health: 0/27       AC:  8    Str: 13    XL:     3   Next: 71%
Magic:  1/5        EV: 10    Int: 15    God:
Gold:   78         SH:  0    Dex: 15    Spells: 3/5 levels left

rFire   + . .        a - +1 dagger
rCold   . . .        (no shield)
rNeg    . . .        b - +0 robe
rPois   .            l - +0 helmet
rElec   .            (no cloak)
rCorr   .            g - +2 pair of gloves {Dex+3}
SInv    .            (no barding)
Will    .....        (no amulet)
Stlth   ++           p - ring of protection from fire
HPRegen 0.24/turn    (no ring)
MPRegen 0.09/turn

%: roll
@: hasted, very quick
A: large, rugged brown scales 3, deformed body, armoured tail, roll, long
tongue, awkward tongue
a: no special abilities


You were on level 2 of the Dungeon.
You visited 1 branch of the dungeon, and saw 2 of its levels.

You collected 78 gold pieces.

Inventory:

Hand Weapons
 a - a +1 dagger (weapon)
Armour
 b - a +0 robe (worn)
 g - a +2 pair of gloves of dexterity (worn)
 l - a +0 helmet (worn)
Jewellery
 p - a ring of protection from fire (left hand)
Scrolls
 f - a scroll of teleportation {unknown}
 i - a scroll of fear {unknown}
 j - a scroll of identify {unknown}
 k - a scroll of fog {unknown}
 o - 2 scrolls of silence {unknown}
Potions
 c - 2 potions of invisibility
 d - a potion of lignification {unknown}
 e - a potion of might {unknown}
 h - a potion of haste {unknown}
 m - a potion of cancellation {unknown}
 n - a potion of mutation {unknown}
 q - 2 potions of magic {unknown}
 r - a potion of degeneration {unknown}


   Skills:
 + Level 2.7 Short Blades
 - Level 1.3 Dodging
 - Level 3.2 Stealth
 - Level 1.7 Spellcasting
 - Level 2.6 Hexes
 * Level 1.5 Ice Magic


You had 3 spell levels left.
You knew the following spells:

 Your Spells              Type           Power      Damage    Failure   Level
h - Ensorcelled Hibernat  Hex/Ice        14%        N/A       14%         2

Your spell library contained the following spells:

 Spells                   Type           Power      Damage    Failure   Level
 Summon Small Mammal      Summ           4%         N/A       22%         1
 Confusing Touch          Hex            9%         N/A       22%         3
 Tukima's Dance           Hex            9%         N/A       22%         3
 Dazzling Flash           Conj/Hex       10%        N/A       36%         3
 Inner Flame              Hex/Fire       5%         N/A       36%         3
 Summon Guardian Golem    Hex/Summ       5%         N/A       36%         3
 Call Canine Familiar     Summ           1%         N/A       56%         3
 Yara's Violent Unravell  Hex/Tmut       2%         3d3       98%         5
 Enfeeble                 Hex            4%         N/A       100%        7


Dungeon Overview and Level Annotations

Branches:
Dungeon (2/15)

Altars:

Annotations:
D:2 Crazy Yiuf


Innate Abilities, Weirdness & Mutations

You are completely covered in rugged brown scales. (AC +3, +7% HP)
Armour fits poorly on your strangely shaped body.
You have a long armoured tail.
You roll when moving toward enemies. (Rampage)
Your long tongue fully drains potion bottles. (2x potion effects)
Your tongue gives you trouble enunciating. (1.5x scroll delay)


Message History

The helpless ball python fails to defend itself.
You impale the ball python!!
You kill the ball python!
No target in view!
No target in view!
No target in view!
No target in view!
You see here a ball python corpse.
There is a stone staircase leading down here.
There is an open door here.
You see here a +0 club.
Key pressed, stopping explore.
There is an open door here.
You see here a +0 dagger.
There is an open door here.
There is an open door here.
Crazy Yiuf shouts!
Crazy Yiuf sings, "Trees, trees, trees, circus!"
Could not explore, unopened runed door.
Could not explore, unopened runed door.
Could not explore, unopened runed door.
You open the door.
Casting: Ensorcelled Hibernation (safe; 14% risk of failure)
Confirm with . or Enter, or press ? or * to list all spells.
Aiming: Ensorcelled Hibernation (safe; 14% risk of failure)
Press: ? - help, Shift-Dir - straight line, f - Crazy Yiuf
Aim: Crazy Yiuf, wielding a +4 quarterstaff of chaos and wearing a +1 cloak (chance to affect: 50%) Crazy Yiuf resists with some effort.
Crazy Yiuf hits you with a +4 quarterstaff of chaos!
* * * LOW HITPOINT WARNING * * *
You feel yourself speed up.
Casting: Ensorcelled Hibernation (safe; 14% risk of failure)
Confirm with . or Enter, or press ? or * to list all spells.
Aiming: Ensorcelled Hibernation (safe; 14% risk of failure)
Press: ? - help, Shift-Dir - straight line, f/p - Crazy Yiuf
Aim: Crazy Yiuf, wielding a +4 quarterstaff of chaos and wearing a +1 cloak (chance to affect: 50%) Crazy Yiuf resists with some effort.
Crazy Yiuf hits you with a +4 quarterstaff of chaos!
Ouch! That really hurt!
You die...

###......# #....#.#
#...##### #......#
#....#.####.#.#....
###'####
#.).........#.#.###
#..# #############.#.#
######.## #...)#.#
#.......##♣♣♣♣♣
#......#
#......#....♣.♣♣♣ ###
#....###
#............♣..♣#...#
#....#
######.....P♣♣♣♣@g...#
#....# ##...P♣♣
♣♣#..)# #'#### ####♣♣
### #.# #.# #.#
######### #.#
#.....#.###.#
#.....#.#...#
#..##...#.###


You could see Crazy Yiuf.

Vanquished Creatures
  Robin (D:2)
  An adder (D:2)
  3 ball pythons
  4 endoplasms
  A giant cockroach (D:1)
  10 goblins
  4 hobgoblins
  4 bats
  A frilled lizard (D:2)
  4 kobolds (D:1)
33 creatures vanquished.

Notes
Turn   | Place    | Note
-------+----------+-------------------------------------------
     0 | D:1      | Cheops the Armataur Enchanter began the quest for the Orb.
     0 | D:1      | Reached XP level 1. HP: 14/14 MP: 3/3
     6 | D:1      | Noticed a scorpion
     6 | D:1      | Noticed a rime drake
     6 | D:1      | Noticed a hound
     7 | D:1      | Noticed a black mamba
     7 | D:1      | Noticed a polar bear
    40 | D:1      | Reached skill level 1 in Short Blades
   380 | D:1      | Reached XP level 2. HP: 21/21 MP: 4/4
   802 | D:1      | Learned a level 2 spell: Ensorcelled Hibernation
   849 | D:2      | Reached XP level 3. HP: 27/27 MP: 5/5
   858 | D:2      | Noticed Robin
   914 | D:2      | Reached skill level 1 in Ice Magic
  1003 | D:2      | Found a runed translucent door.
  1004 | D:2      | Noticed Crazy Yiuf
  1220 | D:2      | Killed Robin
  1778 | D:2      | Slain by Crazy Yiuf

Illustrated notes

Levels and vault maps discovered:
D:1:      onia_arrival_zoo_common, layout_basic
D:2:      layout_basic, uniq_robin, uniq_crazy_yiuf_cottage

Skill      XL: |  1  2  3 |
---------------+----------+-----
Short Blades   | 1 2 |  2.7
Ice Magic      | 1 |  1.5
Dodging        | |  1.3
Stealth        | |  3.2
Spellcasting   | |  1.7
Hexes          | |  2.6

Action                     || total
---------------------------++-------
  Melee: Dagger            ||   117
         Tailslap          ||     5
         Punch             ||     2
   Cast: Ensorcelled Hiber ||     7
   Stab: Sleeping          ||     7
 Armour: Robe              ||    62
  Dodge: Dodged            ||    58
